 Dungeon Crawl Stone Soup version 0.30.0-5-g1a98f26d00 (webtiles) character file.

Game seed: 11590825220373865090

95 SnakkuSnakku7 the Trooper (level 4, -6/40 HPs)
             Began as a Hill Orc Air Elementalist on May 12, 2023.
             Killed from afar by an orc wizard (11 damage)
             ... with a puff of flame
             ... on level 4 of the Dungeon.
             The game lasted 00:04:18 (2389 turns).

SnakkuSnakku7 the Trooper (HOAE)                    Turns: 2389, Time: 00:04:21

Health: -6/40      AC:  6    Str: 12    XL:     4   Next: 65%
Magic:  6/6        EV: 11    Int: 15    God:
Gold:   101        SH:  0    Dex:  8    Spells: 5/6 levels left

rFire   . . .        a - +0 hand axe
rCold   . . .        (no shield)
rNeg    + + .        z - +2 leather armour of Kindness {rN+ Regen+ Dex-3}
rPois   .            (no helmet)
rElec   .            (no cloak)
rCorr   .            x - +0 pair of gloves
SInv    .            (no boots)
Will    .....        (no amulet)
Stlth   +            w - ring of positive energy
HPRegen 1.06/turn    (no ring)
MPRegen 0.10/turn

%: no passive effects
@: no status effects
A: no striking features
a: no special abilities


You were on level 4 of the Dungeon.
You visited 2 branches of the dungeon, and saw 5 of its levels.

You collected 191 gold pieces.
You spent 90 gold pieces at shops.

Inventory:

Hand Weapons
 a - a +0 hand axe (weapon)
 c - a +0 short sword
 d - a +0 club
 e - a +0 whip
Missiles
 i - 4 silver javelins
 r - 5 curare-tipped darts
 A - 8 poisoned darts (quivered)
Armour
 f - a +0 robe
 n - a +0 ring mail
 x - a +0 pair of gloves (worn)
 y - a +0 kite shield
 z - the +2 leather armour of Kindness (worn) {rN+ Regen+ Dex-3}
   (You found it on level 3 of the Dungeon)

   Dex:       It affects your dexterity (-3).
   rN:        It protects you from negative energy.
   Regen:     It increases your rate of health regeneration.
Jewellery
 w - a ring of positive energy (left hand)
Scrolls
 g - a scroll of poison {unknown}
 h - 3 scrolls of teleportation {unknown}
 k - a scroll of fog {unknown}
 o - a scroll of torment {unknown}
 p - a scroll of immolation {unknown}
 t - 2 scrolls of amnesia {unknown}
 u - 3 scrolls of enchant weapon {unknown}
 B - 2 scrolls of brand weapon {unknown}
 C - a scroll of magic mapping
Potions
 b - 4 potions of magic
 m - a potion of might
 q - a potion of mutation
 s - 3 potions of curing
 v - a potion of brilliance


   Skills:
 + Level 3.7 Fighting
 + Level 3.3 Axes
 - Level 1.5 Dodging
 - Level 1.5 Stealth
 - Level 1.5 Spellcasting
 - Level 1.0 Conjurations
 - Level 2.4 Air Magic


You had 5 spell levels left.
You knew the following spells:

 Your Spells              Type           Power      Damage    Failure   Level
a - Shock                 Conj/Air       24%        1d4       14%         1

Your spell library contained the following spells:

 Spells                   Type           Power      Damage    Failure   Level
 Static Discharge         Conj/Air       12%        2-3/arc   22%         2
 Apportation              Tloc           2%         N/A       30%         1
 Beastly Appendage        Tmut           2%         N/A       30%         1
 Swiftness                Air            8%         N/A       32%         3
 Wereblood                Tmut           1%         N/A       41%         2
 Spider Form              Tmut/Pois      1%         N/A       65%         3
 Airstrike                Air            4%         2d(1-17)  73%         4
 Alistair's Intoxication  Tmut/Pois      0%         N/A       100%        5


Dungeon Overview and Level Annotations

Branches:
Dungeon (4/15)             Temple (1/1) D:4

Altars:
Elyvilon
Hepliaklqana
Qazlal
Ru
Sif Muna
Uskayaw
Vehumet
Wu Jian
The Shining One

Shops:
D:3 [

Annotations:
D:3 2 transporters, shadowrider38's ghost, amateur HOAE


Message History

You feel less confused. Something hits you but does no damage.
You barely miss something. Something hits you but does no damage.
You miss something. Something hits you.
You closely miss something.
You hear some strange, mumbled words.
You are confused.
Something hits you but does no damage.
An orc wizard appears from thin air!
Reactivating autopickup.
The orc wizard points at you and mumbles some strange words.
You are more confused.
The orc wizard hits you with a +0 dagger.
You're too confused to move!
The orc wizard hits you with a +0 dagger.
You bump into the rock wall.
The orc wizard barely misses you.
You hit the orc wizard.
The orc wizard is lightly wounded.
The orc wizard hits you with a +0 dagger.
The orc wizard casts a spell at you. The magic dart hits you.
The orc wizard gestures at you while chanting.
The magic dart hits you.
You closely miss the orc wizard.
The orc wizard is lightly wounded.
You feel less confused.
The orc wizard gestures at you while chanting.
The magic dart hits you!
* * * LOW HITPOINT WARNING * * *
You closely miss the orc wizard.
The orc wizard is lightly wounded.
The orc wizard points at you and mumbles some strange words.
You resist with some effort.
You hit the orc wizard.
The orc wizard is lightly wounded.
The orc wizard gestures at you while chanting.
The puff of flame hits you!
* * * LOW HITPOINT WARNING * * *
The orc wizard casts a spell at you. The puff of flame hits you!
You die...

##.##### #......#####..
##....#.###.............
##...#....#.....# ... ##
#....##........#####.# ..##
#................#...# ...#
###.....#............# ..#
.##.##....##...)<...###..## #
.....#....##.....o..##....#...
.♣.........##..#@........##...
>....P._.P....####..>.......#.
.♣............###.............
...#.<........##...##.........
...##...#..........##.......##
#......##.........##........#
#....####......<............#
#. ###.##
##............##......#.# ###
#..............###......


You could see an orc wizard.

Vanquished Creatures
  An orc wizard (D:3)
  2 worms (D:3)
  5 dart slugs
  3 orcs
  5 endoplasms
  5 giant cockroaches
  5 goblins
  A hobgoblin (D:3)
  A quokka (D:1)
  3 ball pythons
  4 bats (D:2)
  3 frilled lizards (D:1)
  8 kobolds
  4 rats
50 creatures vanquished.

Notes
Turn   | Place    | Note
-------+----------+-------------------------------------------
     0 | D:1      | SnakkuSnakku7 the Hill Orc Air Elementalist began the quest
                  | for the Orb.
     0 | D:1      | Reached XP level 1. HP: 14/14 MP: 3/3
    68 | D:1      | Reached skill level 1 in Fighting
   105 | D:1      | Reached XP level 2. HP: 16/24 MP: 4/4
   413 | D:1      | Reached skill level 1 in Axes
   756 | D:1      | Reached XP level 3. HP: 30/30 MP: 5/5
  1272 | D:2      | Found a glowing golden altar of the Shining One.
  1642 | D:3      | Found a transporter.
  1677 | D:3      | Found Enemyat's Armour Shop.
  1688 | D:3      | Bought a +0 pair of gloves for 45 gold pieces
  1688 | D:3      | Bought a +0 kite shield for 45 gold pieces
  1698 | D:3      | Identified the +2 leather armour of Kindness {rN+ Regen+
                  | Dex-3}
  1955 | D:3      | Reached XP level 4. HP: 26/38 MP: 6/6
  1959 | D:3      | Found a transporter.
  1994 | D:3      | Noticed shadowrider38's ghost (amateur HOAE)
  2069 | D:4      | Found a shimmering blue altar of Sif Muna.
  2258 | D:4      | Found a staircase to the Ecumenical Temple.
  2265 | Temple   | Entered the Ecumenical Temple
  2265 | Temple   | Found a transporter.
  2265 | Temple   | Found a transporter.
  2267 | Temple   | Found a transporter.
  2267 | Temple   | Found a transporter.
  2389 | D:4      | Killed from afar by an orc wizard

Illustrated notes

Levels and vault maps discovered:
D:1:      spicycebolla_arrival_ecumenical, layout_basic, minmay_hedge_maze
D:2:      layout_basic, basic_altar
D:3:      layout_rooms, gammafunk_ghost_gnarly_gnolls, serial_shops,
          nicolae_shop_trees, small_statue_intersection, kennysheep_minor_cross
D:4:      layout_cave_pools, mainiacjoe_overflow_tiny_flanked, minitemple,
          minmay_temple_entry_trees, nicolae_inconvenience_store
Temple:   hellmonk_temple_divided_pantheon

Skill      XL: |  1  2  3  4 |
---------------+-------------+-----
Fighting       | 1 2 3 |  3.7
Axes           | 1 2 3 |  3.3
Dodging        | |  1.5
Stealth        | |  1.5
Spellcasting   | |  1.5
Conjurations   | |  1.0
Air Magic      | |  2.4

Action                     |  1- 3 |  4- 6 || total
---------------------------+-------+-------++-------
  Melee: Whip              |    12 |       ||    12
         Club              |     5 |       ||     5
         Unarmed           |     1 |       ||     1
         Hand axe          |   140 |    82 ||   222
         Punch             |     3 |     1 ||     4
   Cast: Shock             |     6 |       ||     6
    Use: Scroll            |       |     6 ||     6
         Potion            |       |     2 ||     2
 Armour: Robe              |     7 |       ||     7
         Ring mail         |    48 |       ||    48
         Leather armour    |     4 |    50 ||    54
  Dodge: Dodged            |    95 |    37 ||   132
